 Dungeon Crawl Stone Soup version 0.19.0 (webtiles) character file.

62671 recordrepeat the Blocker (level 15, -4/135 HPs)
             Began as a Hill Orc Fighter on Oct 31, 2016.
             Was the Champion of Beogh.
             Killed by the raging water
             ... invoked by a water nymph
              (28 damage)
             ... on level 2 of the Shoals on Nov 2, 2016.
             The game lasted 01:53:54 (26564 turns).

recordrepeat the Blocker (Hill Orc Fighter)        Turns: 26564, Time: 01:53:56

Health: -4/135     AC: 31    Str: 23    XL:     15   Next: 7%
Magic:  18/18      EV: 14    Int:  8    God:    Beogh [******]
Gold:   746        SH: 19    Dex: 18    Spells: 0 memorised, 14 levels left

rFire  . . .     SeeInvis .     h - +5 morningstar
rCold  . . .     Gourm    .     a - +4 plate armour
rNeg   . . .     Faith    .     c - +0 shield
rPois  .         Spirit   .     p - +2 hat
rElec  .         Reflect  +     y - +1 cloak
rCorr  +         Harm     .     R - +0 pair of gloves
MR     +....                    W - +2 pair of boots {Stlth+}
Stlth  +.........               M - +5 amulet of reflection
                                H - ring of stealth
                                V - ring of resist corrosion

@: agile
A: walk on water, icy blue scales 1, sense surroundings 1, slow regeneration 1
a: Smiting, Recall Orcish Followers, Give Item to Named Follower, Resurrection,
Renounce Religion


You were on level 2 of the Shoals.
You worshipped Beogh.
Beogh was exalted by your worship.
You were not hungry.

You visited 4 branches of the dungeon, and saw 21 of its levels.
You also visited: Sewer and Ossuary.

You collected 1458 gold pieces.
You spent 712 gold pieces at shops.

Inventory:

Hand Weapons
 h - a +5 morningstar (weapon)
 j - a +4 mace of draining
Armour
 a - a +4 plate armour (worn)
 c - a +0 shield (worn)
 n - a +4 chain mail
 p - a +2 hat (worn)
 y - a +1 cloak (worn)
 N - a +1 plate armour of fire resistance
 R - a +0 pair of gloves (worn)
 W - a +2 pair of boots of stealth (worn)
Jewellery
 H - a ring of stealth (right hand)
 M - a +5 amulet of reflection (around neck)
 O - an uncursed ring of protection from cold
 V - a ring of resist corrosion (left hand)
Wands
 B - a wand of hasting (4/9)
 U - a wand of teleportation (7/9)
 Y - a wand of enslavement (13/24)
Scrolls
 b - a scroll of holy word
 g - a scroll of fog {unknown}
 i - 4 scrolls of remove curse
 l - a scroll of random uselessness {unknown}
 o - a scroll of brand weapon {unknown}
 q - 3 scrolls of enchant armour
 r - 4 scrolls of fear
 u - 2 scrolls of enchant weapon
 v - 3 scrolls of blinking
 w - 11 scrolls of teleportation
 C - 6 scrolls of amnesia
 E - 4 scrolls of recharging {unknown}
 I - a scroll of acquirement {unknown}
 Q - 2 scrolls of summoning {unknown}
 S - a scroll of magic mapping {unknown}
Potions
 d - 2 potions of might
 e - 4 potions of magic
 k - 3 potions of heal wounds
 m - 7 potions of curing
 t - 2 potions of brilliance
 x - a potion of cancellation
 z - 2 potions of resistance
 A - a potion of cure mutation
 D - a potion of flight
 G - 3 potions of haste
 L - 3 potions of lignification
 P - a potion of invisibility {unknown}
 Z - 3 potions of agility
Books
 J - a book of the Tempests

   Spells                             Type                      Level
   a - Static Discharge               Conjuration/Air              3
   b - Lightning Bolt                 Conjuration/Air              5
   c - Fireball                       Conjuration/Fire             5
   d - Tornado                        Air                          9
   e - Shatter                        Earth                        9
Miscellaneous
 T - a phial of floods
Comestibles
 f - 3 bread rations
 F - 11 fruits
 K - a chunk of flesh
 X - 9 royal jellies


   Skills:
 + Level 13.0 Fighting
   Level 6.2(12.6) Axes
 + Level 14.3(14.6) Maces & Flails
 + Level 13.1 Armour
 + Level 3.6 Dodging
 + Level 3.5 Stealth
 + Level 14.7 Shields
 + Level 4.0 Invocations


You had 14 spell levels left.
You didn't know any spells.

Dungeon Overview and Level Annotations

Branches:
Dungeon (15/15)            Temple (0/1) D:4            Lair (2/6) D:11
 Shoals (2/4) Lair:2          Orc (2/2) D:12         Vaults (0/5) D:13
 Depths (0/5) D:15
  Snake: Lair:2-4    Spider: Lair:2-4       Elf: Orc:2

Altars:
Cheibriados
Gozag
Hepliaklqana
Makhleb
Okawaru
Ru
Vehumet
Xom
Yredelemnul

Shops:
D:11 [   Shoals:1 =([


Innate Abilities, Weirdness & Mutations

You can walk on water.
You are partially covered in icy blue scales. (AC +2)
You passively map a small area around you.
You regenerate slowly when monsters are visible.


Message History

You hit the merfolk.
The merfolk is severely wounded.
You block the merfolk's attack.
The water nymph points at you and mumbles some strange words.
The water swirls and strikes you!
* * * LOW HITPOINT WARNING * * *
Bogward closely misses the merfolk.
The merfolk hits you but does no damage.
You block the merfolk's attack.
You feel better.
Ortolf hits the merfolk with a +2 war axe of freezing!!
Ortolf freezes the merfolk.
The merfolk dies!
Beogh accepts your kill.
You hear a splash.
Ortolf hits the merfolk with a +2 war axe of freezing!
Ortolf freezes the merfolk!
Arbeogh barely misses the merfolk.
The water nymph gestures at you while chanting.
The water swirls and strikes you!
You die...

≈≈≈≈≈≈≈..##..####....≈≈≈≈≈..##.≈(
≈≈≈≈≈≈≈..............≈≈.≈..##...
≈≈≈≈≈≈≈.............≈..≈.....#.
≈≈ ≈≈≈≈≈≈......≈......≈.......###
≈≈≈≈..........≈...........###
≈≈≈≈...≈≈.....≈............#.
≈≈≈≈≈≈≈≈≈≈≈≈≈≈≈....##......##
≈≈≈≈≈≈≈≈≈≈).≈≈≈≈≈..##......##
≈≈≈≈≈≈≈≈≈≈≈o@o≈≈...........#. ≈
≈≈≈≈≈≈≈≈≈≈≈o)≈m.......##..... ≈
≈≈≈≈≈≈≈≈≈≈≈≈mm....##..###...≈ ≈
≈≈≈≈≈≈≈≈≈......##≈.# ..≈≈ ≈
≈≈≈≈≈≈≈≈≈≈.........,...≈ ≈
≈≈≈≈≈≈≈≈≈≈≈............≈ ≈≈
≈≈≈≈≈≈≈≈≈≈≈≈......≈...≈≈ ≈
≈≈≈≈≈≈≈≈≈≈≈≈≈≈≈≈≈≈≈≈.≈≈≈ ≈ ≈ ≈ ≈
≈≈≈≈


You could see 2 merfolk, a water nymph, the friendly Bogward the orc warlord,
the friendly Arbeogh the orc knight and the friendly Ortolf the orc knight.

Vanquished Creatures
  Polyphemus (Shoals:2)
  Gastronok (D:9)
  A stone giant (D:12)
  A merfolk impaler (Shoals:2)
  4 vault guards
  2 hydras
  Harold (Lair:1)
  A death knight (D:14)
  2 merfolk aquamancers (Shoals:1)
  5 centaur warriors
  2 slime creatures (D:14)
  An unseen horror (D:12)
  4 sea snakes
  A hill giant (D:12)
  A deep elf mage (D:14)
  5 ugly things (D:14)
  5 harpies
  2 manticores
  A faun (Shoals:1)
  2 sirens
  A spiny frog (Lair:2)
  3 kobold demonologists
  A komodo dragon (D:11)
  2 trolls (D:9)
  2 blink frogs (Lair:2)
  2 merfolk (Shoals:1)
  Prince Ribbit (D:6)
  5 hornets
  2 two-headed ogres (D:11)
  Grinder (D:3)
  4 hippogriffs
  2 snapping turtles
  2 vampires
  The ghost of Jane the Ruffian, an amateur TrFi (D:4)
  2 water elementals (Shoals:1)
  3 wraiths
  31 yaks
  Eustachio (D:6)
  A basilisk (D:10)
  4 hungry ghosts
  A steam dragon (D:12)
  3 wargs (D:12)
  A soldier ant (D:8)
  A water moccasin (Lair:1)
  3 porcupines (D:10)
  3 ice beasts
  2 orc warriors
  4 sky beasts
  Purgy (Sewer)
  A black bear (D:6)
  A necrophage (D:9)
  4 phantoms
  3 ogres
  10 centaurs
  9 crocodiles
  Blork the orc (D:6)
  5 bullfrogs
  A gnoll sergeant (D:6)
  A water moccasin zombie (D:4)
  4 killer bees (D:11)
  8 wights
  10 howler monkeys
  5 centaur zombies
  6 crimson imps
  A quasit (D:9)
  4 hounds
  5 jellies
  5 orc priests
  3 bullfrog skeletons
  5 orc wizards
  Jessica (D:3)
  2 iguanas
  13 worker ants
  2 hound skeletons (D:6)
  A howler monkey zombie (D:9)
  11 gnolls
  A howler monkey skeleton (D:6)
  13 adders
  4 river rats
  A shadow imp (D:8)
  An ooze (D:5)
  A worm zombie (D:5)
  2 adder skeletons
  2 adder zombies
  A worm (D:2)
  4 dart slugs
  5 leopard geckos
  19 orcs
  11 giant cockroaches
  10 goblins
  8 hobgoblins
  14 jackals
  7 quokkas
  3 ball python skeletons (Ossuary)
  7 bats
  4 frilled lizards
  A hobgoblin skeleton (Ossuary)
  A jackal zombie (D:5)
  12 kobolds
  A leopard gecko skeleton (D:5)
  3 orc skeletons (Ossuary)
  2 orc zombies
  A quokka skeleton (D:9)
  12 rats
406 creatures vanquished.

Vanquished Creatures (collateral kills)
  Nikola (Shoals:1)
  A caustic shrike skeleton (D:15)
  The ghost of Eviona the Transmogrifier, a journeyman DrTm of Okawaru (Lair:2)
  4 vault guards
  A catoblepas (Shoals:2)
  2 centaur warriors (D:14)
  An alligator snapping turtle (Shoals:1)
  A satyr (shapeshifter) (D:13)
  A merfolk aquamancer (Shoals:2)
  3 death yaks (Shoals:2)
  A vampire mage (D:14)
  A skeletal warrior (D:14)
  A sea snake (Shoals:1)
  11 harpies
  A sphinx zombie (D:15)
  An ugly thing (D:14)
  2 deep elf magi (D:14)
  2 manticores (Shoals:1)
  3 fauns (Shoals:1)
  A cyclops (Shoals:2)
  6 slime creatures (D:14)
  A siren (Shoals:1)
  A water nymph (Shoals:1)
  2 centaur skeletons
  2 kobold demonologists (D:14)
  10 merfolk
  2 wind drakes (Shoals:2)
  3 blink frogs (Lair:2)
  A hippogriff (Lair:1)
  4 snapping turtles
  3 dream sheep (Shoals:2)
  A shadow (D:14)
  5 water elementals
  9 yaks
  A hog (shapeshifter) (D:14)
  A wraith (D:12)
  4 vampire mosquitoes
  A warg (Orc:1)
  A porcupine (Lair:2)
  2 water moccasins (Lair:2)
  2 orc warriors
  2 ice beasts
  5 centaurs
  2 ogres
  7 bullfrogs
  6 wights (D:13)
  A howler monkey (D:12)
  A crimson imp (D:14)
  An orc priest (D:13)
  A hound (D:14)
  2 orc wizards (D:13)
  A shadow imp (D:13)
  4 orcs
  A jackal (D:8)
  A kobold (D:14)
  A fungus (Lair:2)
  31 plants
169 creatures vanquished.

Vanquished Creatures (others)
  2 orc high priests (D:14)
  An orc knight (Shoals:1)
  4 orc warriors
  A sky beast (D:9)
  A centaur (Shoals:1)
  18 orcs
  6 orc priests
  5 orc wizards
  A fungus (D:11)
  23 plants (Shoals:1)
  5 tentacles (Shoals:1)
67 creatures vanquished.

Grand Total: 642 creatures vanquished

Notes
Turn   | Place    | Note
-------+----------+-------------------------------------------
     0 | D:1      | recordrepeat the Hill Orc Fighter began the quest for the Orb.
     0 | D:1      | Reached XP level 1. HP: 19/19 MP: 1/1
   286 | D:1      | Reached XP level 2. HP: 27/27 MP: 2/2
   968 | D:2      | Reached XP level 3. HP: 33/33 MP: 3/3
  1081 | D:2      | Found a burning altar of Makhleb.
  1081 | D:2      | Found an opulent altar of Gozag.
  1542 | D:2      | Found a snail-covered altar of Cheibriados.
  1567 | D:2      | Reached XP level 4. HP: 40/40 MP: 4/4
  2088 | D:3      | Found an iron altar of Okawaru.
  2144 | D:3      | Noticed Jessica
  2167 | D:3      | Killed Jessica
  2403 | D:3      | Reached XP level 5. HP: 45/46 MP: 5/5
  2459 | D:3      | Noticed Grinder
  2459 | D:3      | Paralysed by Grinder for 3 turns
  2473 | D:3      | Paralysed by Grinder for 2 turns
  2477 | D:3      | Paralysed by Grinder for 3 turns
  2484 | D:3      | Killed Grinder
  2484 | D:3      | Reached skill level 1 in Dodging
  2484 | D:3      | Reached skill level 5 in Shields
  2484 | D:3      | Reached XP level 6. HP: 19/53 MP: 6/6
  3158 | D:4      | Noticed a phantom
  3214 | D:4      | Killed a phantom
  3214 | D:4      | Reached skill level 5 in Axes
  3214 | D:4      | Reached XP level 7. HP: 8/60 MP: 7/7
  3303 | D:4      | Found a sacrificial altar of Ru.
  3362 | D:4      | Found a glowing drain.
  3373 | Sewer    | Entered a sewer
  3552 | Sewer    | Noticed Purgy
  3587 | Sewer    | Killed Purgy
  3587 | Sewer    | Reached skill level 5 in Armour
  3879 | D:4      | Became a worshipper of Beogh the Brigand
  4020 | D:4      | Reached skill level 5 in Fighting
  4137 | D:4      | Noticed Jane's ghost (amateur TrFi)
  4164 | D:4      | Killed Jane's ghost
  4164 | D:4      | Reached XP level 8. HP: 10/68 MP: 8/8
  4444 | D:4      | Found a staircase to the Ecumenical Temple.
  4670 | D:4      | Found a basalt altar of Yredelemnul.
  4923 | D:5      | Entered Level 5 of the Dungeon
  4995 | D:5      | Found a sand-covered staircase.
  5008 | D:5      | Reached * piety under Beogh
  5019 | Ossuary  | Entered an ossuary
  5154 | Ossuary  | Noticed a flying skull
  5154 | Ossuary  | Noticed a wraith
  5161 | Ossuary  | Noticed a flying skull
  5180 | Ossuary  | Noticed a flying skull
  5181 | Ossuary  | Noticed a flying skull
  5203 | Ossuary  | Gained mutation: You passively map a small area around you. [potion of mutation]
  5203 | Ossuary  | Gained mutation: You are partially covered in icy blue scales. (AC +2) [potion of mutation]
  5203 | Ossuary  | Gained mutation: You regenerate slowly when monsters are visible. [potion of mutation]
  5213 | Ossuary  | Noticed a wraith
  5239 | Ossuary  | Killed a wraith
  5500 | Ossuary  | Noticed a flying skull
  5508 | Ossuary  | Noticed a wraith
  5533 | Ossuary  | Killed a wraith
  5910 | D:5      | Found a shimmering altar of Xom.
  6327 | D:5      | Reached skill level 5 in Maces & Flails
  6423 | D:5      | Reached XP level 9. HP: 61/75 MP: 9/9
  7104 | D:6      | Noticed Blork the orc
  7126 | D:6      | Killed Blork the orc
  7324 | D:6      | Reached ** piety under Beogh
  7334 | D:6      | Noticed Prince Ribbit
  7370 | D:6      | Killed Prince Ribbit
  7504 | D:6      | Noticed Eustachio
  7554 | D:6      | Killed Eustachio
  8691 | D:7      | Reached *** piety under Beogh
  8904 | D:8      | Reached XP level 10. HP: 64/86 MP: 10/10
  9103 | D:8      | Found a radiant altar of Vehumet.
 10126 | D:9      | Noticed Gastronok
 10149 | D:9      | HP: 1/88 [Gastronok/the air (12)]
 10152 | D:9      | Killed Gastronok
 10152 | D:9      | Reached XP level 11. HP: 19/95 MP: 11/11
 10911 | D:9      | Reached skill level 10 in Maces & Flails
 10913 | D:9      | Reached **** piety under Beogh
 11068 | D:9      | Reached skill level 10 in Shields
 11382 | D:9      | Found a hazy altar of Hepliaklqana.
 11785 | D:10     | Entered Level 10 of the Dungeon
 12302 | D:10     | Reached skill level 1 in Stealth
 12826 | D:11     | Found Gefeext's Armour Shop.
 13573 | D:10     | Reached XP level 12. HP: 35/106 MP: 12/12
 13598 | D:10     | Reached skill level 10 in Fighting
 13967 | D:11     | Found a staircase to the Lair.
 14859 | D:12     | Reached skill level 10 in Armour
 15172 | D:11     | Reached ***** piety under Beogh
 15397 | D:12     | Noticed a centaur warrior
 15404 | D:12     | Killed a centaur warrior
 15563 | D:12     | Found a staircase to the Orcish Mines.
 15708 | Orc:1    | Entered Level 1 of the Orcish Mines
 15789 | Orc:1    | Noticed a stone giant
 15993 | Lair:1   | Entered Level 1 of the Lair of Beasts
 16153 | Lair:1   | Noticed Harold
 16166 | Lair:1   | Killed Harold
 16224 | Lair:1   | Noticed an eight-headed hydra
 16231 | Lair:1   | Killed an eight-headed hydra
 17041 | Lair:2   | Reached skill level 1 in Invocations
 17045 | Lair:2   | Gained Bogward as an ally
 17048 | Lair:2   | Gained Okrist as an ally
 17062 | Lair:2   | Noticed Eviona's ghost (journeyman DrTm)
 17077 | Lair:2   | Killed Eviona's ghost
 17211 | Lair:2   | Gained Bogmar as an ally
 17310 | Lair:2   | Found a staircase to the Shoals.
 17811 | D:12     | Reached XP level 13. HP: 112/115 MP: 14/14
 17814 | D:12     | Gained Jorge as an ally
 17921 | D:11     | Bought a +2 pair of boots of stealth for 387 gold pieces
 18351 | D:13     | Found a gate to the Vaults.
 18351 | D:13     | Noticed a vault guard
 18351 | D:13     | Noticed a vault guard
 18351 | D:13     | Noticed a vault guard
 18351 | D:13     | Noticed a vault guard
 18351 | D:13     | Noticed a vault guard
 18353 | D:13     | Noticed a vault guard
 18354 | D:13     | Noticed a vault guard
 18355 | D:13     | Noticed a vault guard
 18363 | D:13     | Killed a vault guard
 18368 | D:13     | Your ally Okrist died
 18392 | D:12     | Killed a vault guard
 18395 | D:12     | Killed a vault guard
 18515 | D:12     | Killed a vault guard
 18518 | D:12     | Killed a vault guard
 18625 | D:12     | Killed a vault guard
 18625 | D:12     | Killed a vault guard
 18679 | D:13     | Killed a vault guard
 21121 | D:14     | Reached ****** piety under Beogh
 22089 | D:14     | Reached XP level 14. HP: 119/126 MP: 15/15
 22314 | D:15     | Entered Level 15 of the Dungeon
 22314 | D:15     | Found a staircase to the Depths.
 22607 | D:14     | Your ally Jorge died
 22614 | D:14     | Your ally Bogmar died
 22957 | D:12     | Killed a stone giant
 23243 | Orc:2    | Entered Level 2 of the Orcish Mines
 23403 | Shoals:1 | Entered Level 1 of the Shoals
 23403 | Shoals:1 | Found Nypa's Jewellery Emporium.
 23430 | Shoals:1 | Bought a +5 amulet of reflection for 325 gold pieces
 23469 | Shoals:1 | Gained Ortolf as an ally
 24516 | Shoals:1 | Upgraded the game from 0.19-b1-5-gdc9fa9d to 0.19.0
 24529 | Shoals:1 | Noticed a kraken
 24822 | Shoals:1 | Noticed Nikola
 24836 | Shoals:1 | Killed Nikola
 25255 | Shoals:1 | Gained Arbeogh as an ally
 25392 | Shoals:1 | Found Uzebamumm's Armour Emporium.
 25517 | Shoals:1 | Found Gefeext's Weapon Emporium.
 25682 | Shoals:2 | Noticed Polyphemus
 25717 | Shoals:2 | Killed Polyphemus
 26305 | Shoals:2 | Reached XP level 15. HP: 134/134 MP: 18/18
 26564 | Shoals:2 | Killed from afar by a water nymph

Skill      XL: |  1  2  3  4  5  6  7  8  9 10 11 12 13 14 15 |
---------------+----------------------------------------------+-----
Fighting       | 4 5 6 7 8 9 10 12 13 | 13.0
Axes           | 3 4 5 6 |  6.2
Shields        | 4 5 6 8 9 10 11 12 14 | 14.7
Armour         | 4 5 6 7 8 9 10 12 13 | 13.1
Dodging        | 1 2 3 |  3.6
Maces & Flails | 2 5 7 9 11 12 13 14 | 14.3
Stealth        | 1 3 |  3.5
Invocations    | 1 2 4 |  4.0

Action                   |  1- 3 |  4- 6 |  7- 9 | 10-12 | 13-15 || total
-------------------------+-------+-------+-------+-------+-------++-------
Melee: War axe           |   119 |   176 |    60 |       |       ||   355
       Mace              |       |       |   594 |   948 |   670 ||  2212
       Morningstar       |       |       |       |       |    12 ||    12
Invok: Convert to Beogh  |       |       |     1 |       |       ||     1
       Recall Orcish Fol |       |       |       |     6 |    22 ||    28
       Give Item to Name |       |       |       |     1 |     3 ||     4
  Use: Scroll            |       |       |    10 |    13 |     4 ||    27
       Potion            |       |       |     1 |     4 |     4 ||     9
 Stab: Distracted        |       |       |       |     2 |     7 ||     9
       Petrified         |       |       |       |       |     1 ||     1
  Eat: Chunk             |     2 |     6 |     9 |    14 |    13 ||    44
       Beef jerky        |       |       |     1 |     4 |     1 ||     6
       Fruit             |       |       |     3 |     4 |     7 ||    14
       Meat ration       |       |       |     1 |     3 |       ||     4
       Pizza             |       |       |     1 |     1 |     2 ||     4
       Royal jelly       |       |       |       |       |     1 ||     1
       Bread ration      |       |       |       |       |     1 ||     1
Armor: Scale mail        |    20 |       |       |       |       ||    20
       Chain mail        |    65 |    84 |   417 |   107 |       ||   673
       Plate armour      |       |       |       |   415 |   362 ||   777
Dodge: Dodged            |    33 |    39 |   188 |   236 |   153 ||   649
Block: Shield            |    65 |   103 |   424 |   536 |   447 ||  1575
       Reflection        |       |       |       |       |    14 ||    14
